 Dungeon Crawl Stone Soup version 0.28-a0-1513-ge4f4046303 (webtiles) character file.

Game seed: 14318420748522035303

397 Lekart the Skirmisher (level 6, 0/53 HPs)
             Began as a Draconian Abyssal Knight on Jan 16, 2022.
             Was a Believer of Lugonu.
             Slain by Pikel (10 damage)
             ... on level 3 of the Dungeon.
             The game lasted 00:06:10 (2836 turns).

Lekart the Skirmisher (Draconian Abyssal Knight)    Turns: 2836, Time: 00:06:11

Health: 0/53       AC:  6    Str: 15    XL:     6   Next: 53%
Magic:  8/8        EV: 13    Int: 10    God:    Lugonu [**....]
Gold:   160        SH:  0    Dex: 14    Spells: 5/5 levels left

rFire   . . .      SeeInvis .   a - +1 falchion
rCold   . . .      Faith    .   (no shield)
rNeg    . . .      Spirit   .   (armour unavailable)
rPois   +          Reflect  .   c - +0 hat "Titycs" {Rampage Regen+ rCorr}
rElec   .          Harm     .   (no cloak)
rCorr   +          Rampage  +   (no gloves)
Will    .....                   (no boots)
Stlth   ++........              (no amulet)
HPRegen 0.97/turn               (no ring)
MPRegen 0.11/turn               g - ring of poison resistance

@: on berserk cooldown, slowed, very slow
A: AC +6, unfitting armour, cold-blooded
a: Renounce Religion, Depart the Abyss, Bend Space


You were on level 3 of the Dungeon.
You worshipped Lugonu.
Lugonu was pleased with you.
You visited 1 branch of the dungeon, and saw 4 of its levels.
You visited the Abyss 1 time.

You collected 160 gold pieces.

Inventory:

Hand Weapons
 a - a +1 falchion (weapon)
Armour
 c - the +0 hat "Titycs" (worn) {Rampage Regen+ rCorr}
   (You acquired it on level 1 of the Dungeon)

   Regen:     It increases your rate of health regeneration.
   rCorr:     It protects you from acid and corrosion.
   Rampage:   It bestows one free step when moving towards enemies.
Jewellery
 g - a ring of poison resistance (right hand)
Wands
 l - a wand of flame (13)
Scrolls
 j - a scroll of fog {unknown}
 k - a scroll of enchant armour {unknown}
 m - a scroll of torment {unknown}
 o - 3 scrolls of vulnerability {unknown}
Potions
 b - a potion of magic
 e - a potion of cancellation
 f - 2 potions of curing
 i - a potion of heal wounds {unknown}
 n - a potion of might {unknown}


   Skills:
 + Level 4.6 Fighting
 + Level 4.4 Long Blades
 + Level 3.4 Dodging
 + Level 1.0 Stealth
 * Level 3.6 Invocations
 + Level 0.2 Evocations


You had 5 spell levels left.
You didn't know any spells.
Your spell library contained the following spells:

 Spells                   Type           Power      Damage    Failure   Level
 Inner Flame              Hex/Fire       0%         N/A       75%         3
 Tukima's Dance           Hex            0%         N/A       75%         3
 Cause Fear               Hex            0%         N/A       98%         4
 Passage of Golubria      Tloc           0%         N/A       98%         4
 Yara's Violent Unravell  Hex/Tmut       0%         3d3       100%        5
 Discord                  Hex            0%         N/A       100%        8


Dungeon Overview and Level Annotations

Branches:
Dungeon (4/15)
 Temple: D:4-7

Altars:

Shops:
D:2 [

Annotations:
D:3 exclusion: 2 downstairs, Pikel


Innate Abilities, Weirdness & Mutations

Your plain brown scales are hard. (AC +6)
You cannot fit into any form of body armour.
You are cold-blooded and may be slowed by cold attacks.


Message History

* * * LOW HITPOINT WARNING * * *
Pikel freezes you.
* * * LOW HITPOINT WARNING * * *
You barely miss Pikel.
Pikel is lightly wounded.
Pikel completely misses you.
You closely miss Pikel.
Pikel is lightly wounded.
Pikel hits you with a +1 whip of freezing.
* * * LOW HITPOINT WARNING * * *
Pikel freezes you.
* * * LOW HITPOINT WARNING * * *
You hit Pikel.
Pikel is moderately wounded.
Pikel barely misses you.
You closely miss Pikel.
Pikel is moderately wounded.
You feel yourself speed up.
Pikel hits you with a +1 whip of freezing.
* * * LOW HITPOINT WARNING * * *
You feel yourself slow down. Pikel freezes you.
* * * LOW HITPOINT WARNING * * *
You hit Pikel.
Pikel is heavily wounded.
You are no longer berserk.
You are exhausted.
You feel as though you will be slow longer.
Pikel barely misses you.
You completely miss Pikel.
Pikel is heavily wounded.
Pikel completely misses you. x2
You hit Pikel.
Pikel is heavily wounded.
Pikel hits you with a +1 whip of freezing.
* * * LOW HITPOINT WARNING * * *
You feel as though you will be slow longer.
Pikel freezes you.
* * * LOW HITPOINT WARNING * * *
Pikel hits you with a +1 whip of freezing!
You die...

####### #####
#.....#########...##
##.†...##...........#
#..[@K..'...........+
#..).####...........#
###....#############...
#...).......###........
#...........'.+........
#...........###........
#...........# ########.
#...........# #....##
###...........#####....##


You could see Pikel.

Vanquished Creatures
  An ogre (D:3)
  A gnoll shaman (D:3)
  An orc priest (D:3)
  A centaur skeleton (D:4)
  A hound skeleton (D:4)
  9 gnolls
  7 adders
  10 orcs
  2 ball pythons
  5 endoplasms
  A giant cockroach (D:2)
  2 goblins (D:2)
  4 hobgoblins
  4 jackals (D:2)
  6 kobolds
  2 quokkas
  3 bats
  6 frilled lizards
  7 rats
73 creatures vanquished.

Notes
Turn   | Place    | Note
-------+----------+-------------------------------------------
     0 | Abyss:1  | Lekart the Draconian Abyssal Knight began the quest for the
                  | Orb.
     0 | Abyss:1  | Reached XP level 1. HP: 19/19 MP: 2/2
    55 | Abyss:1  | Noticed a thrashing horror
    56 | D:1      | Escaped the Abyss
   793 | D:1      | Found a faded altar of an unknown god.
   884 | D:1      | Reached XP level 2. HP: 14/27 MP: 3/3
  1201 | D:1      | Identified a scroll of acquirement
  1201 | D:1      | Acquired the +0 hat "Titycs" {Rampage Regen+ rCorr}
  1239 | D:2      | You fall into a shaft and drop 1 floor!
  1298 | D:3      | Reached * piety under Lugonu
  1497 | D:3      | Reached XP level 3. HP: 33/33 MP: 4/4
  1571 | D:2      | Reached XP level 4. HP: 39/40 MP: 6/6
  1694 | D:2      | Found Kusio's Antique Armour Boutique.
  2001 | D:3      | Reached XP level 5. HP: 21/47 MP: 7/7
  2381 | D:4      | Noticed Pikel
  2381 | D:4      | Noticed a lemure
  2382 | D:4      | Noticed a lemure
  2382 | D:4      | Noticed a lemure
  2382 | D:4      | Noticed a lemure
  2382 | D:4      | Noticed an ogre
  2533 | D:4      | Reached ** piety under Lugonu
  2588 | D:3      | Killed an ogre
  2589 | D:3      | Reached XP level 6. HP: 23/53 MP: 6/8
  2745 | D:3      | Reached skill level 1 in Stealth
  2791 | D:4      | Noticed a two-headed ogre
  2836 | D:3      | Slain by Pikel

Illustrated notes

Levels and vault maps discovered:
D:1:      dpeg_arrival_boxorama, layout_basic, serial_rivers,
          chequers_serial_rivers_small_b, chequers_serial_rivers_micro_d,
          chequers_serial_rivers_room_a, chequers_serial_rivers_small_3,
          ebering_ecumenical_altar_hall, st_stairs_6
D:2:      layout_rooms, serial_shops, shop_fountains
D:3:      layout_basic
D:4:      layout_rooms, serial_forest, infiniplex_forest_corner_1,
          infiniplex_forest_straight_2, infiniplex_forest_clump_small,
          infiniplex_forest_straight_5, infiniplex_forest_clump_tiny,
          infiniplex_forest_end_3, infiniplex_forest_straight_5,
          infiniplex_forest_pool, serial_shops, kennysheep_little_box,
          uniq_pikel

Skill      XL: |  1  2  3  4  5  6 |
---------------+-------------------+-----
Fighting       | 4 |  4.6
Long Blades    | 3 4 |  4.4
Invocations    | 3 |  3.6
Dodging        | 3 |  3.4
Stealth        | 1 |  1.0
Evocations     | |  0.2

Action                   |  1- 3 |  4- 6 || total
-------------------------+-------+-------++-------
Melee: Falchion          |    72 |   211 ||   283
       Tailslap          |     8 |    23 ||    31
       Punch             |     2 |     1 ||     3
Invok: Depart the Abyss  |     1 |       ||     1
       Bend Space        |       |     1 ||     1
Evoke: Wand              |       |     4 ||     4
  Use: Scroll            |     2 |     3 ||     5
       Potion            |       |     1 ||     1
 Stab: Sleeping          |       |     2 ||     2
Armor: Skin              |    34 |    72 ||   106
Dodge: Dodged            |    52 |   200 ||   252

Table legend: (Time is in decaauts)
 A = Elapsed time spent in this place.
 B = Non-inter-level travel time spent in this place.
 C = Inter-level travel time spent in this place.
 D = Time resting spent in this place.
 E = Time spent auto-exploring this place.
 F = Levels seen in this place.
 G = Mean time per level.
                   A        B        C        D        E       F      G
               +--------+--------+--------+--------+--------+-----+--------+
         Total |   2892 |   2775 |    117 |    335 |   1680 |   5 |  578.4 |
       Dungeon |   2836 |   2719 |    117 |    335 |   1625 |   4 |  709.0 |
         Abyss |     56 |     56 |      0 |      0 |     55 |   1 |   56.0 |
               +--------+--------+--------+--------+--------+-----+--------+

Top non-repeatable levels by time:
     D:1: 1173 daAuts
     D:3: 887 daAuts
     D:2: 514 daAuts
     D:4: 261 daAuts
 Abyss:1: 56 daAuts
